 Dungeon Crawl Stone Soup version 0.29-a0-96-g93358da72b (webtiles) character file.

Game seed: 15980574187665309967

190442 drugrobin the Warrior (level 16, -5/157 HPs)
             Began as a Demigod Warper on Feb 13, 2022.
             Slain by a spark wasp (17 damage)
             ... on level 2 of the Spider Nest.
             The game lasted 03:24:56 (46613 turns).

drugrobin the Warrior (Demigod Warper)             Turns: 46613, Time: 03:24:57

Health: -5/157     AC: 11    Str: 28    XL:     16   Next: 99%
Magic:  27/27      EV: 24    Int: 22    God:
Gold:   1105       SH:  6    Dex: 21    Spells: 0/25 levels left

rFire   + + .      SeeInvis +   a - +4 demon trident (freeze)
rCold   . . .      Faith    .   r - +2 buckler
rNeg    + . .      Spirit   .   g - +0 troll leather armour
rPois   +          Reflect  .   v - +2 helmet {Int+3}
rElec   .          Harm     .   V - +0 cloak
rCorr   .          Rampage  .   z - +1 pair of gloves {hurl}
Will    ++...                   F - +0 pair of boots "Nom Fud" {+Inv Will+ Str+4}
Stlth   +++.......              p - amulet "Niqy" {Acrobat Fragile rF++ rN+ SInv}
HPRegen 1.16/turn               W - ring of poison resistance
MPRegen 0.20/turn               e - ring "Cexilym" {EV+4 Str+4 Stlth+}

@: marked
A: high MP 1, forlorn, divine attributes
}: 1/15 runes: decaying
a: Evoke Invisibility


You were on level 2 of the Spider Nest.
You visited 6 branches of the dungeon, and saw 30 of its levels.
You visited 1 bazaar.
You also visited: Gauntlet and Volcano.

You collected 2874 gold pieces.
You spent 1769 gold pieces at shops.

Inventory:

Hand Weapons
 a - a +4 demon trident of freezing (weapon)
 b - the +4 hand crossbow of the Shore {penet, rF+ Int+2}
   (You bought it in a shop on level 7 of the Dungeon)

   Any ammunition fired by it passes through the targets it hits, potentially
   hitting all targets in its path until it reaches maximum range.
   Int:       It affects your intelligence (+2).
   rF:        It protects you from fire.
 O - a +0 hand axe of flaming
 S - a +4 vorpal glaive
 Z - a +2 spear of venom
Missiles
 d - 250 bolts
 q - 2 boomerangs (quivered)
 P - 7 curare-tipped darts
Armour
 g - a +0 troll leather armour (worn)
 r - a +2 buckler (worn)
 v - a +2 helmet of intelligence (worn)
 z - a +1 pair of gloves of hurling (worn)
 F - the +0 pair of boots "Nom Fud" (worn) {+Inv Will+ Str+4}
   (You found it in a volcano)

   Str:       It affects your strength (+4).
   +Inv:      It lets you turn invisible.
   Will:      It increases your willpower.
 V - a +0 cloak (worn)
Jewellery
 e - the ring "Cexilym" (right hand) {EV+4 Str+4 Stlth+}
   (You acquired it on level 9 of the Dungeon)

   [ring of evasion]

   EV:        It affects your evasion (+4).
   Str:       It affects your strength (+4).
   Stlth:     It makes you more stealthy.
 f - a ring of wizardry
 h - a +4 ring of protection
 p - the amulet "Niqy" (around neck) {Acrobat Fragile rF++ rN+ SInv}
   (You found it on level 11 of the Dungeon)

   [amulet of the acrobat]

   It increases your evasion while moving and waiting.
   rF:        It greatly protects you from fire.
   rN:        It protects you from negative energy.
   SInv:      It lets you see invisible.
   Fragile:   It will be destroyed if unequipped.
 s - the ring "Diupoah" {rF+ rCorr Str+4}
   (You bought it in a shop in a bazaar)

   [ring of resist corrosion]

   Str:       It affects your strength (+4).
   rF:        It protects you from fire.
   rCorr:     It protects you from acid and corrosion.
 R - a ring of protection from cold
 W - a ring of poison resistance (left hand)
Wands
 c - a wand of charming (8)
 w - a wand of iceblast (22)
 B - a wand of acid (16)
 C - a wand of digging (6)
 D - a wand of mindburst (9)
 K - a wand of flame (10)
 X - a wand of polymorph (9)
 Y - a wand of paralysis (25)
Scrolls
 l - 3 scrolls of blinking
 m - 4 scrolls of fog
 n - a scroll of amnesia
 u - 5 scrolls of magic mapping
 x - a scroll of silence
 G - 3 scrolls of teleportation
 I - 9 scrolls of identify
 M - 2 scrolls of acquirement
 T - 4 scrolls of fear
Potions
 i - 5 potions of haste
 j - a potion of ambrosia
 k - 2 potions of brilliance
 o - 6 potions of might
 A - 4 potions of flight
 E - 19 potions of curing
 H - 4 potions of magic
 J - 2 potions of lignification
 N - 4 potions of invisibility
 Q - a potion of berserk rage
 U - 2 potions of heal wounds
Miscellaneous
 t - a tin of tremorstones (2/2)
 y - a phial of floods
 L - a lightning rod (4/4)


   Skills:
 + Level 17.9 Fighting
 + Level 17.2 Polearms
 - Level 0.8 Throwing
 - Level 0.8 Armour
 + Level 11.3 Dodging
 - Level 5.0 Spellcasting
 + Level 9.4 Translocations
 - Level 8.0 Evocations


You couldn't memorise any spells.
You knew the following spells:

 Your Spells              Type           Power      Damage    Failure   Level
a - Blink                 Tloc           94%        N/A       1%          2
b - Conjure Flame         Conj/Fire      5%         6-21      43%         3
c - Teleport Other        Tloc           47%        N/A       1%          3
d - Gell's Gravitas       Tloc           47%        N/A       1%          3
e - Lesser Beckoning      Tloc           47%        N/A       1%          3
f - Iskenderun's Mystic   Conj/Tloc      26%        2d7       22%         4
g - Corpse Rot            Necr/Air       10%        N/A       24%         2
r - Manifold Assault      Tloc           47%        N/A       9%          5

Your spell library contained the following spells:

 Spells                   Type           Power      Damage    Failure   Level
 Magic Dart               Conj           20%        1d4       16%         1
 Slow                     Hex            20%        N/A       16%         1
 Searing Ray              Conj           10%        2d4       24%         2
 Static Discharge         Conj/Air       5%         N/A       24%         2
 Confusing Touch          Hex            5%         N/A       43%         3
 Ignite Poison            Fire/Tmut/Pois 5%         N/A       43%         3
 Dispel Undead            Necr           5%         3d7       83%         4
 Flame Wave               Conj/Fire      5%         2d5       83%         4
 Fulminant Prism          Conj/Hex       2%         3d6       83%         4
 Leda's Liquefaction      Hex/Erth       2%         N/A       83%         4
 Sticky Flame             Conj/Fire      5%         2d3       83%         4
 Blade Hands              Tmut           2%         N/A       99%         5
 Fireball                 Conj/Fire      2%         3d4       99%         5
 Irradiate                Conj/Tmut      2%         3d14      99%         5
 Iskenderun's Battlesphe  Conj           5%         2d6       99%         5
 Lee's Rapid Deconstruct  Erth           2%         3d6*      99%         5
 Yara's Violent Unravell  Hex/Tmut       2%         3d3       99%         5
 Conjure Ball Lightning   Conj/Air       2%         3x3d6     100%        6
 Iron Shot                Conj/Erth      2%         9d2       100%        6
 Starburst                Conj/Fire      2%         6d3       100%        6
 Statue Form              Tmut/Erth      3%         N/A       100%        6
 Dragon Form              Tmut           2%         N/A       100%        7
 Enfeeble                 Hex            2%         N/A       100%        7
 Spellforged Servitor     Conj/Summ      2%         N/A       100%        7
 Borgnjor's Revivificati  Necr           2%         N/A       100%        8
 Ignition                 Fire           2%         3d3       100%        8


Dungeon Overview and Level Annotations

Branches:
Dungeon (13/15)            Temple (0/1) D:4            Lair (6/6) D:11
  Swamp (4/4) Lair:3       Spider (3/4) Lair:4        Slime (0/5) Lair:5
    Orc (2/2) D:11            Elf (2/3) Orc:2       Volcano (visited)
Gauntlet (visited)
 Vaults: D:13-14

Shops:
D:5 [:   D:7 (   Orc:2 [?(:

Annotations:
D:10 2 transporters, mcsnuffy's ghost, journeyman KoBr
D:11 1 runed translucent door, porpoise's ghost, journeyman DsBr
Lair:5 Rupert
Swamp:1 1 runed translucent door, Iruic's ghost, adept OgFi
Swamp:4 3 exclusions
Elf:2 2 runed translucent doors


Innate Abilities, Weirdness & Mutations

You have an increased reservoir of magic. (+10% MP)
You shall have no god before yourself.
Your divine heritage dramatically boosts your attributes as you level up.


Message History

Unknown command.
Your +2 spear of venom stops dripping with poison.
Your +4 demon trident of freezing glows with a cold blue light!
a - a +4 demon trident of freezing (weapon)
The demonic crawler completely misses you.
The demonic crawler hits you but does no damage.
The demonic crawler hits you. The spark wasp completely misses you.
Unknown command.
Unknown command.
You closely miss the spark wasp.
The spark wasp is moderately wounded.
A wolf spider comes into view.
The spark wasp stings you. The spark wasp shocks you!
The demonic crawler barely misses you. The demonic crawler closely misses you.
The demonic crawler hits you but does no damage.
Unknown command.
Unknown command.
Unknown command.
The spark wasp completely misses you.
The demonic crawler shrieks in warning!
A mysterious force pulls you upwards. The hatch slams shut behind you.
Unknown command.
Unknown command.
You barely miss the spark wasp.
The spark wasp is heavily wounded.
The spark wasp stings you!!
* * * LOW HITPOINT WARNING * * *
The spark wasp shocks you!
* * * LOW HITPOINT WARNING * * *
The demonic crawler barely misses you. You block the demonic crawler's attack.
The demonic crawler completely misses you.
Unknown command.
Unknown command.
You feel much better. The spark wasp stings you. The spark wasp shocks you!
* * * LOW HITPOINT WARNING * * *
The demonic crawler shrieks in warning!
The spark wasp stings you!!
* * * LOW HITPOINT WARNING * * *
The spark wasp shocks you!
You die...

#..###.##....###...###...##
####.(.#..######..##.##...#
##†.##....^#^....^#...##
#..(^#....##.....###...#
####..[#^..#.###.#...#^#
#......#...###.####..###
###...#.#.#.^#..#.#..†..#
#...#.#########...###....
###..###.@s..^#^.......#..
##.....##..y..######....#..
#...#####^#......#...#..#.#
##...# ###.#.......##..###
##.## ######...##....#. ###
###.#...###..#..#.
#...#....#..##..#.
##.)...#.#..#...#.
#^...#.######^..##


You could see a spark wasp (very poisoned) and a demonic crawler (catching
breath).

Vanquished Creatures
  the Lernaean hydra (Swamp:4)
  Nikola (Swamp:4)
  Kirke (Swamp:2)
  A thorn hunter (Swamp:2)
  A fenstrider witch (Swamp:1)
  A deep elf sorcerer (Elf:2)
  Aizul (Swamp:4)
  2 ghost moths
  5 ghouls
  3 entropy weavers
  5 bunyips
  A spark wasp (Spider:3)
  2 eleionomae (Swamp:2)
  A minotaur (Gauntlet)
  A deep elf death mage (Elf:1)
  Snorg (Lair:6)
  An ettin (Orc:2)
  2 shambling mangroves
  Erolcha (Orc:2)
  Harold (D:11)
  2 boulder beetles
  An ogre mage (Orc:2)
  20 hydras
  A two-headed ogre (D:10)
  9 dancing weapons
  2 centaur warriors
  7 death yaks
  8 alligators
  A thrashing horror (Gauntlet)
  Urug (Lair:5)
  2 deep elf knights
  2 skeletal warriors (Volcano)
  4 pharaoh ants
  3 goliath frogs
  3 spriggan druids
  A sea snake (shapeshifter) (D:9)
  4 orb spiders
  A steelbarb worm (Spider:3)
  3 bog bodies (Swamp:1)
  Pikel (D:6)
  5 deep elf archers
  2 necromancers (Elf:1)
  2 anaconda skeletons (Volcano)
  A wizard (Gauntlet)
  An orc knight (Orc:2)
  18 deep elf pyromancers
  9 deep elf zephyrmancers
  12 swamp dragons
  An ugly thing (D:11)
  A lindwurm (Lair:5)
  5 wolf spiders
  4 large abominations (Elf:1)
  2 will-o-the-wisps
  2 manticores
  10 orc sorcerers
  3 cyclopes
  19 elephants
  A moth of wrath (Spider:2)
  6 centaur zombies
  4 black mambas
  A salamander (shapeshifter) (Elf:1)
  5 torpor snails
  3 gargoyles (Volcano)
  An unseen horror (D:10)
  9 cane toads
  10 rime drakes
  9 komodo dragons
  2 demonic crawlers
  An efreet (D:10)
  2 bloated husks
  6 meliai
  3 tyrant leeches
  7 trolls
  8 polar bears
  A tarantella (shapeshifter) (Elf:2)
  10 tarantellas
  24 hornets
  27 blink frogs
  Grinder (D:3)
  15 culicivoras
  6 small abominations (Gauntlet)
  3 flying skulls (Volcano)
  11 jumping spiders
  31 spriggans
  3 water elementals
  2 air elementals
  2 fire elementals (Elf:2)
  3 wraiths
  23 yaks
  2 vampires
  4 wyverns
  An alligator skeleton (Volcano)
  3 fire bats (Lair:5)
  A vampire mosquito (D:10)
  5 steam dragons (Lair:3)
  3 basilisks
  33 redbacks
  4 wargs
  5 acid dragons
  14 swamp worms
  11 water moccasins
  5 black bears
  17 orc warriors
  11 swamp drakes
  3 ice beasts
  A sky beast (D:5)
  3 necrophages
  12 ogres
  4 boggarts (Lair:6)
  15 wolves
  4 centaurs
  4 lemures (D:6)
  2 phantoms
  2 elf zombies (Elf:1)
  5 kobold brigands
  13 bullfrogs
  A gnoll sergeant (D:6)
  An earth elemental (Elf:2)
  7 scorpions
  A water moccasin zombie (D:6)
  A killer bee (D:11)
  7 howler monkeys
  A spriggan skeleton (Volcano)
  2 electric eels
  A wyvern simulacrum (D:9)
  A bullfrog skeleton (D:4)
  3 centaur skeletons
  2 jellies (Lair:5)
  A gnoll shaman (D:5)
  19 orc priests
  2 iguanas
  Ijyb (D:4)
  34 orc wizards
  A killer bee zombie (D:7)
  A centaur simulacrum (D:9)
  A naga skeleton (Volcano)
  A killer bee simulacrum (D:9)
  A howler monkey zombie (D:9)
  8 adders
  6 gnolls
  3 shadow imps
  6 white imps
  A howler monkey simulacrum (D:9)
  4 ufetubi
  An adder zombie (D:2)
  3 worms
  6 dart slugs
  70 orcs
  2 bat skeletons (D:2)
  A bat zombie (D:2)
  8 endoplasms
  9 giant cockroaches
  11 goblins
  10 hobgoblins
  2 jackals (D:2)
  29 kobolds
  5 quokkas
  6 ball pythons
  A ball python zombie (D:2)
  4 bats
  7 frilled lizards
  A giant cockroach zombie (D:2)
  2 rats
  A briar patch (Swamp:3)
930 creatures vanquished.

Vanquished Creatures (collateral kills)
  4 yaks (Lair:2)
4 creatures vanquished.

Vanquished Creatures (others)
  A deep elf knight (Elf:2)
  An orb spider (Spider:1)
  A bloated husk (Swamp:3)
  A human (Swamp:3)
  2 ball lightnings (Elf:2)
  A briar patch (Swamp:3)
  A bush (Lair:5)
  A butterfly (Lair:5)
  4 demonic plants (Gauntlet)
  8 foxfires
  52 fungi
  103 plants
  4 withered plants
180 creatures vanquished.

Grand Total: 1114 creatures vanquished

Notes
Turn   | Place    | Note
-------+----------+-------------------------------------------
     0 | D:1      | drugrobin the Demigod Warper began the quest for the Orb.
     0 | D:1      | Reached XP level 1. HP: 17/17 MP: 5/5
   433 | D:1      | Reached XP level 2. HP: 24/24 MP: 7/7
   612 | D:1      | Learned a level 2 spell: Blink
  1416 | D:2      | Reached XP level 3. HP: 29/29 MP: 8/8
  1418 | D:2      | Got Plato's Incunabulum of Execration
  1427 | D:2      | Learned a level 1 spell: Slow
  2312 | D:2      | Reached XP level 4. HP: 28/36 MP: 9/9
  2321 | D:2      | Learned a level 3 spell: Teleport Other
  4349 | D:3      | Noticed Grinder
  4416 | D:3      | Paralysed by Grinder for 6 turns
  4424 | D:3      | Paralysed by Grinder for 6 turns
  4437 | D:3      | Killed Grinder
  4438 | D:3      | Reached XP level 5. HP: 41/41 MP: 6/10
  4438 | D:3      | Reached XP level 6. HP: 48/48 MP: 6/11
  5294 | D:4      | Found a staircase to the Ecumenical Temple.
  5493 | D:4      | HP: 2/48 [ogre (4)]
  5496 | D:4      | Reached XP level 7. HP: 3/53 MP: 12/12
  7048 | D:4      | Noticed Ijyb
  7060 | D:4      | Killed Ijyb
  7471 | D:5      | Entered Level 5 of the Dungeon
  8151 | D:5      | Found Mesyll's Antique Armour Emporium.
  8351 | D:5      | Found Dukeilit's Book Boutique.
  8727 | D:6      | Reached XP level 8. HP: 34/60 MP: 15/15
  9268 | D:6      | Reached skill level 10 in Polearms
  9920 | D:6      | Noticed Pikel
 10549 | D:6      | Killed Pikel
 10550 | D:6      | Reached XP level 9. HP: 57/71 MP: 16/16
 10639 | D:7      | Learned a level 3 spell: Gell's Gravitas
 10670 | D:7      | Found Seishrura's Weapon Shop.
 11755 | D:7      | Reached skill level 5 in Fighting
 13792 | D:9      | Learned a level 3 spell: Lesser Beckoning
 15597 | D:10     | Entered Level 10 of the Dungeon
 15609 | D:9      | Identified 3 scrolls of acquirement
 15609 | D:9      | Acquired the ring "Cexilym" {EV+4 Str+4 Stlth+}
 15881 | D:10     | Reached XP level 10. HP: 64/84 MP: 18/18
 16085 | D:10     | Found a transporter.
 16089 | D:10     | Found a transporter.
 16090 | D:10     | Noticed mcsnuffy's ghost (journeyman KoBr)
 16608 | D:10     | Noticed a cyclops
 16647 | D:10     | Killed a cyclops
 16794 | D:10     | Noticed a cyclops
 16831 | D:10     | Killed a cyclops
 16965 | D:10     | Noticed a centaur warrior
 17453 | D:7      | Bought the +4 hand crossbow of the Shore {penet, rF+ Int+2}
                  | for 562 gold pieces
 17852 | D:10     | Paralysed by a hornet for 2 turns
 18900 | D:10     | Noticed a manticore
 18900 | D:10     | Noticed a harpy
 18901 | D:10     | Noticed a two-headed ogre
 18905 | D:10     | Killed a centaur warrior
 19225 | D:10     | Noticed an eye of devastation
 19237 | D:10     | Noticed a torpor snail
 19237 | D:10     | an eye of devastation changed into a torpor snail
 19390 | D:10     | Killed a two-headed ogre
 19391 | D:10     | Reached skill level 5 in Spellcasting
 19564 | D:10     | Noticed a faun
 19568 | D:10     | Noticed a two-headed ogre
 19568 | D:10     | a faun changed into a two-headed ogre
 19571 | D:10     | a two-headed ogre changed into a snapping turtle
 19583 | D:10     | Noticed a deep troll
 19596 | D:10     | Killed a manticore
 19597 | D:10     | Reached XP level 11. HP: 68/95 MP: 22/22
 19625 | D:9      | a deep troll changed into a torpor snail
 20143 | D:11     | Found a staircase to the Lair.
 20637 | D:11     | Found a runed translucent door.
 20638 | D:11     | Noticed porpoise's ghost (journeyman DsBr)
 20802 | D:11     | Noticed a boulder beetle
 20803 | D:11     | Noticed a centaur warrior
 20829 | D:11     | Killed a boulder beetle
 21102 | D:9      | Noticed a sea snake
 21120 | D:9      | Killed a sea snake
 21786 | D:10     | Reached skill level 10 in Fighting
 21841 | D:11     | You fall into a shaft and drop 2 floors!
 21849 | D:13     | Noticed a skeletal warrior
 21849 | D:13     | Noticed a skeletal warrior
 22054 | D:11     | Noticed Harold
 22121 | D:11     | Killed a centaur warrior
 22667 | D:11     | Identified the amulet "Niqy" {Acrobat Fragile rF++ rN+
                  | SInv}
 22930 | D:11     | Found a staircase to the Orcish Mines.
 22993 | D:11     | Killed Harold
 23064 | Lair:1   | Entered Level 1 of the Lair of Beasts
 23131 | Lair:1   | Noticed a seven-headed hydra
 23163 | D:11     | Killed a one-headed hydra
 23922 | Lair:2   | Noticed an eight-headed hydra
 23944 | Lair:1   | Killed a one-headed hydra
 24023 | Lair:2   | Noticed a seven-headed hydra
 24032 | Lair:2   | Killed a four-headed hydra
 24033 | Lair:2   | Reached XP level 12. HP: 88/110 MP: 23/23
 24133 | Lair:2   | Noticed a seven-headed hydra
 24183 | Lair:2   | Killed a one-headed hydra
 24611 | Lair:2   | Reached skill level 15 in Polearms
 25238 | Lair:3   | Found a staircase to the Swamp.
 26569 | Lair:4   | Reached XP level 13. HP: 120/122 MP: 24/24
 26632 | Lair:4   | Found a gate leading to a gauntlet.
 26726 | Gauntlet | Entered a Gauntlet
 26726 | Gauntlet | Found a transporter.
 26726 | Gauntlet | Found a transporter.
 26726 | Gauntlet | Found a runed translucent door.
 26726 | Gauntlet | Found a runed translucent door.
 26728 | Gauntlet | Found a transporter.
 26739 | Gauntlet | Found a transporter.
 26757 | Gauntlet | Found a transporter.
 26759 | Gauntlet | Found a transporter.
 26759 | Gauntlet | Found a transporter.
 26761 | Gauntlet | Found a transporter.
 26787 | Gauntlet | Found a transporter.
 26795 | Gauntlet | Found a transporter.
 26808 | Gauntlet | Found a transporter.
 26843 | Gauntlet | Found a transporter.
 26880 | Gauntlet | Found a transporter.
 26892 | Gauntlet | Found a transporter.
 26967 | Gauntlet | Identified the amulet of Urphedoe {Faith rC+ rN+}
 27057 | Gauntlet | Identified the -6 helmet of Hauj {rN+ Will+ Dex-4 SInv}
 27188 | Gauntlet | Noticed a minotaur
 27201 | Gauntlet | Killed a minotaur
 27290 | Gauntlet | Got the Disquisition on Confrontation
 27362 | Lair:4   | Learned a level 3 spell: Conjure Flame
 27430 | Lair:4   | Identified the +6 quarterstaff "Qiedumok" {venom, Fragile
                  | rPois Will+ Str+7}
 27648 | Lair:4   | Found a hole to the Spider Nest.
 28473 | Lair:5   | Identified the amulet of Ybeisir {Faith rElec Str+3 Int+2
                  | SInv}
 28622 | Lair:5   | Found a dark tunnel.
 28634 | Volcano  | Entered a volcano
 29004 | Volcano  | Identified the +0 pair of boots "Nom Fud" {+Inv Will+
                  | Str+4}
 29652 | Lair:5   | Found a staircase to the Slime Pits.
 29662 | Lair:5   | Reached skill level 1 in Evocations
 29901 | Lair:5   | Noticed Urug
 29910 | Lair:5   | Killed Urug
 30222 | Lair:6   | Entered Level 6 of the Lair of Beasts
 30358 | Lair:6   | Noticed Rupert
 30360 | Lair:6   | Paralysed by Rupert for 2 turns
 30397 | Lair:5   | Reached XP level 14. HP: 133/133 MP: 25/25
 30672 | Lair:6   | Noticed Snorg
 30951 | Orc:1    | Entered Level 1 of the Orcish Mines
 31033 | Orc:2    | Entered Level 2 of the Orcish Mines
 31054 | Orc:2    | Found a staircase to the Elven Halls.
 31064 | Orc:2    | Found a flickering gateway to a bazaar.
 31074 | Bazaar   | Entered a bazaar
 31088 | Bazaar   | Found Ippyvuo's Assorted Antiques.
 31088 | Bazaar   | Found Zuufes's General Store.
 31098 | Bazaar   | Bought a clouded tin ring for 150 gold pieces
 31098 | Bazaar   | Identified the ring "Diupoah" {rF+ rCorr Str+4} (You bought
                  | it in a shop in a bazaar)
 31110 | Bazaar   | Found Qass's Antique Weapon Emporium.
 31110 | Bazaar   | Found Uciph's Distillery.
 31114 | Bazaar   | Bought 2 potions of curing for 66 gold pieces
 31114 | Bazaar   | Bought a potion of curing for 33 gold pieces
 31114 | Bazaar   | Bought a potion of berserk rage for 55 gold pieces
 31114 | Bazaar   | Bought a potion of invisibility for 88 gold pieces
 31132 | Bazaar   | Found Jyakhlini's Distillery.
 31143 | Bazaar   | Bought a potion of curing for 36 gold pieces
 31143 | Bazaar   | Bought a potion of curing for 36 gold pieces
 31143 | Bazaar   | Bought a potion of curing for 36 gold pieces
 31143 | Bazaar   | Bought a potion of lignification for 36 gold pieces
 31143 | Bazaar   | Bought a potion of curing for 36 gold pieces
 31263 | Bazaar   | Bought a +1 pair of gloves of hurling for 198 gold pieces
 31274 | Bazaar   | Bought a scroll of identify for 60 gold pieces
 31302 | Bazaar   | Bought a potion of haste for 110 gold pieces
 32180 | Orc:2    | Reached skill level 15 in Fighting
 32922 | Orc:2    | Found Appusk's Antique Armour Emporium.
 32977 | Orc:2    | Noticed Erolcha
 32997 | Orc:2    | Killed Erolcha
 33014 | Orc:2    | Found Fostreism's Magic Scroll Shoppe.
 33111 | Orc:2    | Bought a scroll of identify for 30 gold pieces
 33163 | Orc:2    | Reached skill level 5 in Evocations
 33167 | Orc:2    | Reached skill level 5 in Dodging
 33249 | Orc:2    | Found Beoni's Antique Weapon Emporium.
 33254 | Orc:2    | Found Dyusargh's Book Emporium.
 33257 | Orc:2    | Bought a glowing glaive for 237 gold pieces
 33566 | Spider:1 | Entered Level 1 of the Spider Nest
 33566 | Spider:1 | Noticed a ghost moth
 33660 | Swamp:1  | Entered Level 1 of the Swamp
 33762 | Swamp:1  | Found a runed translucent door.
 34027 | Swamp:1  | Noticed a ghoul
 34028 | Swamp:1  | Noticed a ghoul
 34062 | Swamp:1  | Noticed Iruic's ghost (adept OgFi)
 34076 | Swamp:1  | Noticed a fenstrider witch
 34244 | Lair:6   | Identified the +6 scale mail of Moral Flaws {+Blink Will+
                  | Slay-6}
 34314 | Lair:6   | Killed Snorg
 35249 | Swamp:1  | Paralysed by a hornet for 2 turns
 35359 | Swamp:1  | Killed a ghoul
 35430 | Swamp:1  | Noticed a ghoul
 35441 | Swamp:1  | Killed a ghoul
 35545 | Swamp:1  | Killed a fenstrider witch
 35682 | Elf:1    | Entered Level 1 of the Elven Halls
 35740 | Elf:1    | Reached XP level 15. HP: 94/143 MP: 26/26
 36179 | Elf:1    | Learned a level 4 spell: Iskenderun's Mystic Blast
 36581 | Elf:1    | Got the Grimoire of Stolen Souls
 36596 | Elf:1    | Learned a level 2 spell: Corpse Rot
 37702 | Elf:2    | Paralysed by an air elemental for 1 turns
 37911 | Elf:2    | Reached skill level 5 in Translocations
 37954 | Elf:2    | Found a runed translucent door.
 37978 | Elf:2    | Found a runed translucent door.
 40077 | Swamp:3  | Noticed a thorn hunter
 40085 | Swamp:3  | Noticed Kirke
 40099 | Swamp:2  | Killed a thorn hunter
 40176 | Swamp:2  | Killed Kirke
 40211 | Swamp:3  | Reached XP level 16. HP: 154/154 MP: 27/27
 40217 | Swamp:3  | Learned a level 5 spell: Manifold Assault
 41126 | Swamp:4  | Entered Level 4 of the Swamp
 41505 | Swamp:4  | Noticed Nikola
 41792 | Swamp:4  | Reached skill level 10 in Dodging
 41961 | Swamp:4  | Noticed Aizul
 41980 | Swamp:4  | Killed Aizul
 42082 | Swamp:4  | Killed Nikola
 42692 | Swamp:4  | Noticed the 27-headed Lernaean hydra
 42718 | Swamp:4  | Killed the 27-headed Lernaean hydra
 42972 | Swamp:4  | Got a decaying rune of Zot
 43295 | Lair:4   | You fall into a shaft and drop 1 floor!
 46613 | Spider:2 | Slain by a spark wasp

Illustrated notes

Levels and vault maps discovered:
D:1:      psy_arrival_conway, layout_basic, chequers_serial_rivers_small_b
D:2:      layout_loops_ring, shapermc_ecumenical_altar_rom_forum, serial_undead,
          serial_undead_a, serial_undead_b, serial_undead_a, serial_undead_f,
          minmay_guardbox
D:3:      layout_basic, mainiacjoe_overflow_brackets, lemuel_round_altar,
          due_unseen_surprise, uniq_grinder
D:4:      layout_basic, kennysheep_slug_shrine,
          mainiacjoe_overflow_large_starburst, minmay_temple_entry_slanted,
          uniq_ijyb
D:5:      layout_cave_pools, serial_shops, kennysheep_mini, nicolae_shop_trees
D:6:      layout_gridville, dk_vineyard_1, uniq_pikel
D:7:      layout_rooms, nicolae_gozag_seed_capital, serial_shops,
          kennysheep_little_box, minmay_circle_x
D:8:      layout_loops_cross, mainiacjoe_overflow_catch_the_wave,
          nzn_life_drinkers
D:9:      layout_stronghold, tgw_xom, serial_ice, serial_ice_o, serial_ice_e,
          serial_ice_h, serial_ice_j, serial_ice_b, serial_ice_d,
          minmay_misc_feat_enclosed
D:10:     cheibrodos_barr_body, layout_layer_cave,
          grunt_temple_overflow_cloverleaf, gammafunk_ghost_hive, kb_rosetta
D:11:     layout_long_grid, due_lair_maze_entry_diamond, hiddenorc1_lemuel,
          gammafunk_ghost_grave, minmay_radiant, uniq_harold
D:12:     minmay_polygon_palace, layout_small_grid, serial_rivers,
          chequers_serial_rivers_micro_b, chequers_serial_rivers_marsh,
          chequers_serial_rivers_small_b, chequers_serial_rivers_micro_c,
          chequers_serial_rivers_room_b, fedhas_altar_3
D:13:     layout_cave_pools, serial_column_ruins, column_ruins_hut,
          column_ruins_square_medium, column_ruins_corridor_corner,
          column_ruins_open_medium, column_ruins_grid_1, column_ruins_columns_T,
          minmay_shop_mayhem
Lair:1:   layout_long_grid, dreamdust_deal_with_the_devil, beast_lair_carwin_11
Lair:2:   layout_small_grid, infiniplex_staircase_pool_2, lemuel_fruit_tree,
          serial_bayou_shore_b
Lair:3:   layout_long_grid, swamp_mist_pool, bobbens_dragon_lair_wall
Lair:4:   layout_regular_city, nicolae_spider_entry_non_spiders,
          gauntlet_entry_generic, grunt_megastairs_5, serial_bayou_shore_b
Lair:5:   layout_loops_ring, nicolae_slime_entry_slimehenge,
          nicolae_volcano_entry_batcave, serial_forest,
          infiniplex_forest_clump_double, infiniplex_forest_straight_5,
          infiniplex_forest_clump_small, infiniplex_forest_lined_2,
          infiniplex_forest_lined_3_way, infiniplex_forest_lined_corner,
          infiniplex_forest_clump_cross, lemuel_fruit_fields,
          serial_bayou_shore_b, uniq_urug
Lair:6:   minmay_lair_end_enchanted_forest, layout_cave_shapes, st_stairs_7,
          uniq_rupert, uniq_snorg
Swamp:1:  layout_basic_swamp, gammafunk_ghost_grave, nicolae_swamp_tree_designs
Swamp:2:  layout_basic_swamp, evilmike_swamp_ruin_house_5,
          nicolae_swamp_little_tower
Swamp:3:  layout_basic_swamp, serial_swamp_ruin, evilmike_swamp_ruin_house_4,
          evilmike_swamp_ruin_house_2, evilmike_swamp_ruin_rubble_2,
          swamp_pool1, uniq_kirke
Swamp:4:  swamp_old_school, layout_basic_swamp, swamp_pool3,
          infiniplex_staircase_pool, uniq_nikola, uniq_aizul
Spider:1: layout_spider_delve
Spider:2: layout_spider_delve
Spider:3: layout_cave_pods, hellmonk_narrow_tunnel
Orc:1:    layout_diamond_mine
Orc:2:    kennysheep_orc_mage_school, layout_caves, serial_shops,
          bzr_entry_water, nicolae_orc_stony_grotto, mines1_david
Elf:1:    elf_arrival_002, layout_gridlike, basic_altar, minmay_elf_necromancy,
          grunt_megastairs_3
Elf:2:    elven_hall_of_blades_hangedman_original
          [nicolae_blade_entry_splitting_headache], layout_loops_corners,
          serial_aquarium, aquarium_bridge_long_separate
          [aquarium_subvault_bridge, aquarium_subvault_balcony,
          aquarium_subvault_balcony, aquarium_subvault_bridge,
          aquarium_subvault_window, aquarium_subvault_wall],
          aquarium_bridge_square [aquarium_subvault_bridge,
          aquarium_subvault_bridge, aquarium_subvault_wall,
          aquarium_subvault_bridge], aquarium_window_1, aquarium_window_fake,
          aquarium_view_2b

Skill      XL: |  1  2  3  4  5  6  7  8  9 10 11 12 13 14 15 16 |
---------------+-------------------------------------------------+-----
Polearms       | 2 3 4 6 7 8 10 11 12 14 15 17 | 17.2
Spellcasting   | 3 5 |  5.0
Fighting       | 4 6 8 11 13 14 15 16 17 | 17.9
Evocations     | 2 6 8 |  8.0
Dodging        | 2 6 9 11 | 11.3
Translocations | 6 9 |  9.4
Throwing       | |  0.8
Armour         | |  0.8

Action                   |  1- 3 |  4- 6 |  7- 9 | 10-12 | 13-15 | 16-18 || total
-------------------------+-------+-------+-------+-------+-------+-------++-------
Melee: Spear             |   185 |   169 |    77 |       |       |    10 ||   441
       Dagger            |    21 |       |    63 |    37 |    26 |       ||   147
       Punch             |     1 |     2 |     1 |     2 |    10 |       ||    16
       Halberd           |       |       |   322 |   624 |     2 |       ||   948
       Hand axe          |       |       |       |    40 |    49 |    22 ||   111
       Glaive            |       |       |       |    41 |   366 |       ||   407
       Demon trident     |       |       |       |       |  1069 |   674 ||  1743
       Unarmed           |       |       |       |       |     6 |       ||     6
 Fire: Hunting sling     |     3 |    33 |    90 |    43 |       |       ||   169
       Hand crossbow     |       |       |       |   102 |    28 |    23 ||   153
Throw: Boomerang         |     3 |    28 |    36 |    12 |   138 |    56 ||   273
       Dart              |       |     7 |     9 |     2 |       |       ||    18
       Throwing net      |       |       |       |     1 |       |       ||     1
 Cast: Slow              |     4 |     4 |     3 |       |       |       ||    11
       Blink             |       |    11 |    12 |    18 |     9 |     6 ||    56
       Teleport Other    |       |       |     5 |     1 |       |       ||     6
       Gell's Gravitas   |       |       |       |     5 |    17 |     1 ||    23
       Conjure Flame     |       |       |       |       |     1 |     1 ||     2
       Manifold Assault  |       |       |       |       |       |    24 ||    24
       Corpse Rot        |       |       |       |       |       |     2 ||     2
Evoke: Wand              |       |     1 |     3 |    10 |     8 |     1 ||    23
       Phial of floods   |       |       |       |     1 |     3 |     1 ||     5
       Lightning rod     |       |       |       |       |     8 |     4 ||    12
  Use: Scroll            |       |     1 |    14 |    14 |    10 |     1 ||    40
       Potion            |       |     1 |     1 |     3 |     3 |     3 ||    11
 Stab: Sleeping          |     2 |     1 |     4 |     1 |    10 |     2 ||    20
       Paralysed         |       |       |       |     6 |       |       ||     6
       Fleeing           |       |       |       |     1 |       |       ||     1
       Distracted        |       |       |       |       |     3 |     1 ||     4
Armor: Leather armour    |    62 |    25 |   144 |    55 |       |       ||   286
       Acid dragon scale |       |       |       |   134 |       |       ||   134
       Troll leather arm |       |       |       |    98 |   228 |   123 ||   449
Dodge: Dodged            |   104 |    61 |   250 |   631 |   986 |   587 ||  2619
Block: Buckler           |       |       |       |       |   119 |   167 ||   286

Table legend: (Time is in decaauts)
 A = Elapsed time spent in this place.
 B = Non-inter-level travel time spent in this place.
 C = Inter-level travel time spent in this place.
 D = Time resting spent in this place.
 E = Time spent auto-exploring this place.
 F = Levels seen in this place.
 G = Mean time per level.
                   A        B        C        D        E       F      G
               +--------+--------+--------+--------+--------+-----+--------+
         Total |  46228 |  43343 |   2885 |  10706 |  19666 |  33 | 1400.8 |
       Dungeon |  23259 |  21868 |   1391 |   7343 |  10299 |  13 | 1789.2 |
          Lair |   8857 |   8177 |    680 |   1333 |   3915 |   6 | 1476.2 |
         Swamp |   5837 |   5449 |    388 |   1261 |   1944 |   4 | 1459.2 |
   Spider Nest |   2261 |   2203 |     58 |    281 |   1078 |   3 |  753.7 |
  Orcish Mines |   2201 |   1958 |    243 |    101 |   1132 |   2 | 1100.5 |
   Elven Halls |   2386 |   2263 |    123 |    243 |    984 |   2 | 1193.0 |
        Bazaar |    271 |    271 |      0 |      0 |      0 |   1 |  271.0 |
       Volcano |    589 |    589 |      0 |     61 |    205 |   1 |  589.0 |
      Gauntlet |    563 |    563 |      0 |     81 |    108 |   1 |  563.0 |
               +--------+--------+--------+--------+--------+-----+--------+

Top non-repeatable levels by time:
    D:10: 4946 daAuts
     D:9: 2667 daAuts
     D:6: 2508 daAuts
     D:3: 2444 daAuts
     D:4: 2402 daAuts
  Lair:4: 2389 daAuts
 Swamp:4: 1746 daAuts
     D:2: 1734 daAuts
    D:11: 1677 daAuts
   Orc:2: 1569 daAuts
  Lair:6: 1450 daAuts
 Swamp:2: 1438 daAuts
  Lair:3: 1422 daAuts
  Lair:5: 1393 daAuts
 Swamp:3: 1352 daAuts
